 Dungeon Crawl Stone Soup version 0.27.1 (webtiles) character file.

Game seed: 865185278367090256

97 Atelerd the Sneak (level 4, -24/27 HPs)
             Began as an Octopode Earth Elementalist on Sept 2, 2021.
             Annihilated by an ogre (30 damage)
             ... on level 4 of the Dungeon.
             The game lasted 00:02:44 (3565 turns).

Atelerd the Sneak (Octopode Earth Elementalist)     Turns: 3565, Time: 00:02:45

Health: -24/27     AC:  1    Str:  7    XL:     4   Next: 68%
Magic:  6/8        EV: 13    Int: 18    God:
Gold:   110        SH:  0    Dex: 12    Spells: 7/8 levels left

rFire    . . .     SeeInvis +   l - +0 rapier
rCold    . . .     Faith    .   (no shield)
rNeg     . . .     Spirit   .   (helmet restricted)
rPois    .         Reflect  .   (no amulet)
rElec    .         Harm     .   c - ring of see invisible
rCorr    .         Rampage  .   (no ring)
Will     .....                  (no ring)
Stlth    +++.......             (no ring)
HPRegen  0.09/turn              (no ring)
MPRegen  0.11/turn              (no ring)
                                (no ring)
                                (no ring)

@: no status effects
A: almost no armour, amphibious, 8 rings, camouflage 1, gelatinous body 1,
(nimble swimmer 1), tentacles
a: no special abilities


You were on level 4 of the Dungeon.
You visited 1 branch of the dungeon, and saw 4 of its levels.

You collected 110 gold pieces.

Inventory:

Hand Weapons
 l - a +0 rapier (weapon)
Missiles
 b - 17 stones
Armour
 a - a +0 buckler
Jewellery
 c - a ring of see invisible (left tentacle)
Wands
 h - a wand of charming (7)
Scrolls
 d - 3 scrolls of identify {unknown}
 e - 2 scrolls of enchant weapon {unknown}
 i - a scroll of teleportation {unknown}
 k - a scroll of blinking {unknown}
Potions
 f - a potion of haste {unknown}
 g - a potion of attraction {unknown}
 j - a potion of ambrosia {unknown}
 m - a potion of berserk rage {unknown}


   Skills:
 - Level 2.0 Dodging
 + Level 4.1 Stealth
 + Level 2.7 Spellcasting
 + Level 2.2 Transmutations
 + Level 3.6 Earth Magic


You had 7 spell levels left.
You knew the following spells:

 Your Spells              Type           Power      Damage    Failure   Level
a - Sandblast             Erth           30%        2d9       3%          1

Your spell library contained the following spells:

 Spells                   Type           Power      Damage    Failure   Level
 Passwall                 Tmut/Erth      10%        N/A       8%          2
 Stone Arrow              Conj/Erth      18%        3d8       24%         3
 Tukima's Dance           Hex            2%         N/A       45%         3
 Petrify                  Tmut/Erth      13%        N/A       45%         4
 Passage of Golubria      Tloc           N/A        N/A       86%         4
 Yara's Violent Unravell  Hex/Tmut       3%         3d4       96%         5


Dungeon Overview and Level Annotations

Branches:
Dungeon (4/15)
 Temple: D:4-7

Altars:

Annotations:
D:3 1 runed translucent door, Crazy Yiuf


Innate Abilities, Weirdness & Mutations

You cannot wear most types of armour.
You are amphibious.
You can wear up to eight rings at the same time.
Your skin changes colour to match your surroundings (Stealth+).
Your rubbery body absorbs attacks. (AC +1, EV +1)
((You are camouflaged near water. (Stealth+)))
You have tentacles for arms and can constrict up to eight enemies at once.


Message History

There is an entrance to a sewer on this level.
Hurry and find it before the portal rusts away!
Found 18 gold pieces and 12 stones.
There is a stone staircase leading up here.
Okay, then.
Aiming: Charm
Press: ? - help, Shift-Dir - straight line, f - adder
Aim: an adder (asleep, chance to affect: 54%)
Okay, then.
The helpless ogre fails to defend itself.
You puncture the ogre! Your squeeze misses the ogre.
The ogre is moderately wounded.
The ogre hits you with a +0 giant club!!
Ouch! That really hurt!
* * * LOW HITPOINT WARNING * * *
The adder hisses angrily.
Casting: Sandblast (safe; 3% risk of failure)
Confirm with . or Enter, or press ? or * to list all spells.
You don't know that spell.
Casting: Sandblast (safe; 3% risk of failure)
Confirm with . or Enter, or press ? or * to list all spells.
Aiming: Sandblast (safe; 3% risk of failure)
Press: ? - help, Shift-Dir - straight line, f - ogre
Aim: an ogre, wielding a +0 giant club (moderately wounded, 90% to hit)
The blast of sand hits the ogre but does no damage.
The ogre is moderately wounded.
The adder barely misses you.
Unknown command.
Unknown command.
Unknown command.
Casting: Sandblast (safe; 3% risk of failure)
Confirm with . or Enter, or press ? or * to list all spells.
Aiming: Sandblast (safe; 3% risk of failure)
Press: ? - help, Shift-Dir - straight line, f/p - ogre
Aim: an ogre, wielding a +0 giant club (moderately wounded, 90% to hit)
The blast of sand hits the ogre!
The ogre is heavily wounded.
The adder bites you but does no damage.
The ogre hits you with a +0 giant club!!
Ouch! That really hurt!
You die...

.. .# . .. ...
#. .#. ##.#.. .
....# # ... ...
...
.....##.##.....
.......@O.....#
........S....$.
#####(........#
#.........#
#.........#
#....####..
#...$# . #....#


You could see an ogre and an adder.

Vanquished Creatures
  3 adders (D:3)
  2 worms (D:2)
  2 dart slugs (D:1)
  2 orcs (D:3)
  8 endoplasms
  A goblin (D:1)
  7 hobgoblins
  A kobold (D:2)
  3 quokkas
  8 ball pythons
  7 bats
  7 frilled lizards
  6 rats
57 creatures vanquished.

Notes
Turn   | Place    | Note
-------+----------+-------------------------------------------
     0 | D:1      | Atelerd the Octopode Earth Elementalist began the quest for
                  | the Orb.
     0 | D:1      | Reached XP level 1. HP: 11/11 MP: 3/3
    13 | D:1      | Noticed an electric eel
   228 | D:1      | Reached skill level 3 in Stealth
   228 | D:1      | Reached XP level 2. HP: 12/17 MP: 3/5
   336 | D:1      | Found a faded altar of an unknown god.
  1178 | D:1      | Reached XP level 3. HP: 15/21 MP: 3/6
  2452 | D:3      | Found a runed translucent door.
  2453 | D:3      | Noticed Crazy Yiuf
  2480 | D:3      | Reached XP level 4. HP: 5/27 MP: 4/7
  2758 | D:3      | Reached skill level 4 in Stealth
  3562 | D:4      | Noticed an ogre
  3565 | D:4      | Annihilated by an ogre

Illustrated notes

Levels and vault maps discovered:
D:1:      arrival_aquarium_a, layout_basic, hellmonk_ecumenical_altar_run_dry
D:2:      layout_loops_ring, minivault_23
D:3:      layout_basic, hex_large, uniq_crazy_yiuf_cottage
D:4:      layout_basic, gup_sewer_entry_glass, uniq_blork_the_orc

Skill      XL: |  1  2  3  4 |
---------------+-------------+-----
Stealth        | 3 4 |  4.1
Transmutations | 2 |  2.2
Dodging        | |  2.0
Spellcasting   | |  2.7
Earth Magic    | |  3.6

Action                   |  1- 3 |  4- 6 || total
-------------------------+-------+-------++-------
Melee: Unarmed           |    55 |     5 ||    60
       Tentacles         |    14 |     1 ||    15
       Constrict         |    13 |     2 ||    15
       Rapier            |       |     5 ||     5
 Cast: Sandblast         |    37 |    21 ||    58
 Stab: Sleeping          |     2 |     2 ||     4
Armor: Skin              |     5 |     3 ||     8
Dodge: Dodged            |    56 |    12 ||    68
